 Dungeon Crawl Stone Soup version 0.19.1 (webtiles) character file.

597 Leibowitz the Cutter (level 6, -1/51 HPs)
             Began as a Demigod Gladiator on Nov 26, 2016.
             Slain by Sigmund
             ... wielding a +0 scythe
              (2 damage)
             ... while paralysed by Grinder
             ... on level 4 of the Dungeon.
             The game lasted 00:11:18 (4483 turns).

Leibowitz the Cutter (Demigod Gladiator)            Turns: 4483, Time: 00:11:19

Health: -1/51      AC:  6    Str: 16 (18) XL:     6   Next: 95%
Magic:  9/9        EV:  2    Int: 12      God:
Gold:   163        SH:  0    Dex: 20      Spells: 1 memorised, 5 levels left

rFire  + . .     SeeInvis .     a - +0 rapier
rCold  + . .     Gourm    .     s - +1 robe {rF+}
rNeg   . . .     Faith    .     (no shield)
rPois  .         Spirit   .     c - +1 helmet
rElec  .         Reflect  .     (no cloak)
rCorr  .         Harm     .     (no gloves)
MR     .....                    (no boots)
Stlth  +++.......               h - amulet of rage
                                o - ring of protection from cold
                                m - +3 ring of evasion

@: paralysed
A: yellow scales 1, deformed body, high mp 1, mutation resistance 1
a: Evoke Berserk Rage


You were on level 4 of the Dungeon.
You were very hungry.

You visited 1 branch of the dungeon, and saw 4 of its levels.

You collected 163 gold pieces.

Inventory:

Hand Weapons
 a - a +0 rapier (weapon)
Missiles
 j - 22 poisoned needles
Armour
 c - a +1 helmet (worn)
 s - a +1 robe of fire resistance (worn)
Jewellery
 h - an amulet of rage (around neck)
 i - an uncursed ring of protection from magic
 l - an uncursed ring of protection from magic
 m - a +3 ring of evasion (left hand)
 o - a ring of protection from cold (right hand)
 p - an uncursed ring of ice
Scrolls
 g - a scroll of magic mapping
 k - 2 scrolls of identify
 q - a scroll of enchant armour
Potions
 e - a potion of lignification
 w - a potion of curing
Books
 v - a book of Misfortune

   Spells                             Type                      Level
   a - Confusing Touch                Hexes                        1
   b - Confuse                        Hexes                        3
   c - Gell's Gravitas                Hexes/Translocation          3
   d - Petrify                        Transmutation/Earth          4
   e - Metabolic Englaciation         Hexes/Ice                    5
   f - Yara's Violent Unravelling     Hexes/Transmutation          5
Comestibles
 f - 2 bread rations
 x - 4 fruits


   Skills:
 * Level 3.3 Fighting
 + Level 4.2 Short Blades
 + Level 2.0 Throwing
 + Level 1.6 Armour
 * Level 4.1 Dodging
 * Level 3.5 Stealth
 + Level 0.5 Spellcasting
 + Level 0.8 Hexes


You had 5 spell levels left.
You knew the following spells:

 Your Spells              Type           Power        Failure   Level  Hunger
a - Confusing Touch       Hex            #.....       28%         1    ##.....


Dungeon Overview and Level Annotations

Branches:
Dungeon (4/15)             Temple (0/1) D:4

Annotations:
D:4 Grinder, Sigmund


Innate Abilities, Weirdness & Mutations

You have an increased reservoir of magic. (+10% MP)
You are partially covered in yellow scales. (AC +2)
Armour fits poorly on your strangely shaped body.
You are somewhat resistant to further mutation.


Message History

Sigmund flickers and vanishes!
Grinder hits you.
You barely miss Grinder.
Grinder is moderately wounded.
Grinder completely misses you.
You barely miss Grinder.
Grinder is moderately wounded.
Something barely misses you. Grinder gestures at you.
You suddenly lose the ability to move!
Grinder gestures at you. Pain shoots through your body! Something hits you.
Grinder hits you.
You writhe in agony.
Something hits you. Grinder hits you.
Grinder grins, showing sharp teeth.
Grinder hits you!
* * * LOW HITPOINT WARNING * * *
You writhe in agony.
* * * LOW HITPOINT WARNING * * *
Something hits you.
You die...

*,,,,,,,,,* #.......# ##+#
*,*******,* ###.......# #...
*,* *,,,,* #.........####...
*,*
*,*******,#..(.......'.>.
*,*
*,#,,,,,,,#........###...
*,*#####.#######........#
#...
*,,...(........{5.......#
#...
###################........#
#.).
................@5{........#
#...
.#################........##
#>..
.###.............#........#
#...
.##........##....##.......#
#...
.##..).....##....##########
#### .##<.......##....#
.##........#####.#
.##........# #.#############
.###'####### #.............#


You could see Grinder.

Vanquished Creatures
  Blork the orc (D:4)
  A scorpion (D:3)
  A howler monkey (D:4)
  A bullfrog skeleton (D:4)
  A hound (D:4)
  4 orc wizards (D:4)
  Ijyb (D:2)
  Jessica (D:2)
  A hound skeleton (D:4)
  4 gnolls (D:2)
  6 adders
  4 dart slugs
  3 leopard geckos
  9 orcs
  3 ball pythons (D:1)
  2 giant cockroaches
  6 hobgoblins
  8 jackals
  2 quokkas
  12 bats
  7 frilled lizards
  A giant cockroach zombie (D:4)
  13 goblins
  7 kobolds
  3 rats
102 creatures vanquished.

Notes
Turn   | Place    | Note
-------+----------+-------------------------------------------
     0 | D:1      | Leibowitz the Demigod Gladiator began the quest for the Orb.
     0 | D:1      | Reached XP level 1. HP: 17/17 MP: 3/3
   147 | D:1      | Reached XP level 2. HP: 19/24 MP: 4/4
   207 | D:1      | Reached skill level 1 in Stealth
   846 | D:1      | Reached XP level 3. HP: 29/29 MP: 5/5
  1179 | D:2      | Found a radiant altar of Vehumet.
  1229 | D:2      | Reached XP level 4. HP: 24/37 MP: 6/6
  1455 | D:2      | Noticed Ijyb
  1496 | D:2      | Killed Ijyb
  1992 | D:2      | Noticed Jessica
  2001 | D:2      | Killed Jessica
  2001 | D:2      | Reached skill level 1 in Armour
  2111 | D:3      | Reached XP level 5. HP: 42/42 MP: 7/7
  2257 | D:3      | Learned a level 1 spell: Confusing Touch
  2859 | D:3      | Found a faded altar of an unknown god.
  2859 | D:3      | Found a blossoming altar of Fedhas.
  2864 | D:3      | Found a faded altar of an unknown god.
  2866 | D:3      | Found a faded altar of an unknown god.
  2867 | D:3      | Found a faded altar of an unknown god.
  3103 | D:3      | Found a burning altar of Makhleb.
  3177 | D:4      | Found a staircase to the Ecumenical Temple.
  3270 | D:4      | Gained mutation: You are partially covered in yellow scales. (AC +2) [potion of mutation]
  3270 | D:4      | Gained mutation: Armour fits poorly on your strangely shaped body. [potion of mutation]
  3270 | D:4      | Gained mutation: You are somewhat resistant to further mutation. [potion of mutation]
  3291 | D:4      | Reached XP level 6. HP: 34/50 MP: 9/9
  3696 | D:4      | Found a glowing golden altar of the Shining One.
  4034 | D:4      | Noticed Blork the orc
  4055 | D:4      | Killed Blork the orc
  4177 | D:4      | Noticed Grinder
  4184 | D:4      | Noticed Sigmund
  4479 | D:4      | Paralysed by Grinder for 7 turns
  4483 | D:4      | HP: 1/51 [Grinder (6)]
  4483 | D:4      | Slain by Sigmund

Skill      XL: |  1  2  3  4  5  6 |
---------------+-------------------+-----
Fighting       | 2 3 |  3.3
Dodging        | 3 4 |  4.1
Stealth        | 1 2 3 |  3.5
Throwing       | 2 |  2.0
Short Blades   | 3 4 |  4.2
Armour         | 1 |  1.6
Spellcasting   | |  0.5
Hexes          | |  0.8

Action                   |  1- 3 |  4- 6 || total
-------------------------+-------+-------++-------
Melee: Rapier            |   117 |   266 ||   383
       Unarmed           |       |     9 ||     9
Throw: Throwing net      |       |     3 ||     3
 Cast: Confusing Touch   |       |     7 ||     7
  Use: Scroll            |       |     9 ||     9
       Potion            |       |     5 ||     5
 Stab: Sleeping          |     4 |    12 ||    16
       Confused          |       |     9 ||     9
  Eat: Chunk             |     1 |    10 ||    11
Armor: Leather armour    |    21 |    28 ||    49
       Robe              |       |     6 ||     6
Dodge: Dodged            |    82 |   184 ||   266
